 Dungeon Crawl Stone Soup version 0.24.0-13-gcf9b319 (webtiles) character file.

Game seed: 5761286155409066799, levelgen mode: deterministic

230028 Hector360 the Hoplite (level 18, -6/151 HPs)
             Began as a Minotaur Fighter on Mar 18, 2020.
             Was the Champion of Okawaru.
             Killed from afar by a fire giant (20 damage)
             ... with a bolt of fire
             ... on level 1 of the Vaults on Mar 19, 2020.
             The game lasted 02:36:56 (34283 turns).

Hector360 the Hoplite (Minotaur Fighter)           Turns: 34283, Time: 02:36:56

Health: -6/151     AC: 31    Str: 33    XL:     18   Next: 75%
Magic:  17/19      EV: 10    Int:  7    God:    Okawaru [******]
Gold:   1973       SH: 25    Dex: 14    Spells: 17/17 levels left

rFire    + + .     SeeInvis .   C - +6 demon blade of Okawaru's Hope {freeze, Dex+2}
rCold    + + +     Gourm    .   W - +0 large shield {AC+3}
rNeg     + + .     Faith    +   R - +2 crystal plate armour
rPois    .         Spirit   .   X - +0 hat of the Tick {rF+ Int+2}
rElec    .         Reflect  .   U - scarf {rC+ rF+}
rCorr    .         Harm     .   (no gloves)
MR       +....                  d - +2 pair of boots {run}
Stlth    ..........             V - amulet of Wisau {Faith rC+ rN++}
HPRegen  0.35/turn              p - +6 ring of strength
MPRegen  0.16/turn              g - ring of protection from cold

@: berserk cooldown, slowed, studying Stealth, very slow
A: retaliatory headbutt, horns 2, frail 1
}: 1/15 runes: serpentine
a: Heroism, Finesse, Renounce Religion


You were on level 1 of the Vaults.
You worshipped Okawaru.
Okawaru was exalted by your worship.
You were not hungry.

You visited 7 branches of the dungeon, and saw 30 of its levels.
You also visited: Sewer, Ossuary, Bailey and Volcano.

You collected 3259 gold pieces.
You spent 1286 gold pieces at shops.

Inventory:

Hand Weapons
 a - a +2 long sword of electrocution
 n - a +2 executioner's axe of freezing
 y - a +3 broad axe of chopping
 C - the +6 demon blade of Okawaru's Hope (weapon) {freeze, Dex+2}
   (Okawaru gifted it to you on level 1 of the Lair of Beasts)

   It has been specially enchanted to freeze those struck by it, causing extra
   injury to most foes and up to half again as much damage against particularly
   susceptible opponents.
   It can also slow down cold-blooded creatures.
   It affects your dexterity (+2).
 N - a +2 great sword of electrocution
 O - a +4 fustibalus of velocity
Missiles
 r - 36 boomerangs (quivered)
Armour
 c - a +5 shield
 d - a +2 pair of boots of running (worn)
 A - a +2 cloak
 F - the +6 acid dragon scales "Gidwut" {rN+ rCorr Dex+3 SInv}
   (Okawaru gifted it to you on level 13 of the Dungeon)

   It affects your dexterity (+3).
   It protects you from negative energy.
   It lets you see invisible.
   It provides partial protection from all sources of acid and corrosion.
 I - a +0 shield of reflection
 R - a +2 crystal plate armour (worn)
 U - a scarf of resistance (worn)
 W - a +0 large shield of protection (worn)
 X - the +0 hat of the Tick (worn) {rF+ Int+2}
   (Okawaru gifted it to you on level 1 of the Vaults)

   It affects your intelligence (+2).
   It protects you from fire.
Jewellery
 g - a ring of protection from cold (right hand)
 o - a +3 amulet of reflection
 p - a +6 ring of strength (left hand)
 z - an uncursed ring of ice
 V - the amulet of Wisau (around neck) {Faith rC+ rN++}
   (You bought it in a shop on level 2 of the Orcish Mines)

   [amulet of faith]

   It allows you to gain divine favour quickly.
   It protects you from cold.
   It greatly protects you from negative energy.
Wands
 b - a wand of random effects (31)
 l - a wand of flame (50)
 t - a wand of clouds (7)
 v - a wand of paralysis (18)
 D - a wand of polymorph (11)
 L - a wand of disintegration (30)
 S - a wand of acid (43)
Scrolls
 m - 16 scrolls of remove curse
 u - 5 scrolls of teleportation
 J - a scroll of enchant weapon
 M - a scroll of blinking
 P - 2 scrolls of fear
 T - a scroll of magic mapping
Potions
 e - 9 potions of curing
 h - 3 potions of resistance
 i - 8 potions of flight
 j - 12 potions of lignification
 k - 3 potions of cancellation
 q - 2 potions of mutation
 s - a potion of haste
 w - 3 potions of agility
 B - 2 potions of invisibility
Books
 E - a manual of Stealth
Miscellaneous
 G - a phial of floods
 H - a fan of gales
 Q - a lightning rod (4/4)
Comestibles
 f - 18 rations


   Skills:
 + Level 16.7 Fighting
 + Level 17.1 Long Blades
 + Level 16.0 Axes
 + Level 2.9 Throwing
 + Level 14.0 Armour
 + Level 8.7 Dodging
 + Level 5.7 Stealth
 + Level 21.1 Shields
 + Level 3.9 Invocations


You had 17 spell levels left.
You didn't know any spells.
Your spell library contained the following spells:

 Spells                   Type           Power        Failure   Level  Hunger
 Beastly Appendage        Tmut           #.....       100%        1    ##.....
 Corona                   Hex            #......      100%        1    ##.....
 Flame Tongue             Conj/Fire      #....        100%        1    ##.....
 Infusion                 Chrm           #...         100%        1    ##.....
 Magic Dart               Conj           #...         100%        1    ##.....
 Summon Small Mammal      Summ           #...         100%        1    ##.....
 Blink                    Tloc           N/A          100%        2    ###....
 Call Imp                 Summ           #.......     100%        2    ###....
 Ensorcelled Hibernation  Hex/Ice        #.....       100%        2    ###....
 Slow                     Hex            #.......     100%        2    ###....
 Throw Flame              Conj/Fire      #.....       100%        2    ###....
 Call Canine Familiar     Summ           #.......     100%        3    ####...
 Confuse                  Hex            #.......     100%        3    ####...
 Conjure Flame            Conj/Fire      #.......     100%        3    ####...
 Dazzling Spray           Conj/Hex       #.....       100%        3    ####...
 Inner Flame              Hex/Fire       #.......     100%        3    ####...
 Mephitic Cloud           Conj/Pois/Air  #.......     100%        3    ####...
 Summon Guardian Golem    Hex/Summ       #.......     100%        3    ####...
 Tukima's Dance           Hex            #.......     100%        3    ####...
 Cause Fear               Hex            #.........   100%        4    #####..
 Sticky Flame             Conj/Fire      #.......     100%        4    #####..
 Summon Ice Beast         Ice/Summ       #.......     100%        4    #####..
 Summon Lightning Spire   Summ/Air       #.......     100%        4    #####..
 Alistair's Intoxication  Tmut/Pois      #.......     100%        5    ######.
 Fireball                 Conj/Fire      #.........   100%        5    ######.
 Silence                  Hex/Air        #.........   100%        5    ######.
 Yara's Violent Unravell  Hex/Tmut       #.........   100%        5    ######.
 Deflect Missiles         Chrm/Air       #.........   100%        6    #######
 Ring of Flames           Chrm/Fire      #.........   100%        7    #######
 Discord                  Hex            #.........   100%        8    #######


Dungeon Overview and Level Annotations

Branches:
Dungeon (15/15)            Temple (1/1) D:6            Lair (6/6) D:11
  Swamp (0/4) Lair:4        Snake (4/4) Lair:3        Slime (1/5) Lair:5
    Orc (2/2) D:9             Elf (0/3) Orc:2        Vaults (1/5) D:14
 Depths (0/5) D:15          Sewer (visited)         Ossuary (visited)
 Bailey (visited)         Volcano (visited)

Altars:
Ashenzari
Dithmenos
Elyvilon
Gozag
Hepliaklqana
Kikubaaqudgha
Makhleb
Nemelex Xobeh
Okawaru
Qazlal
Ru
Sif Muna
Trog
Uskayaw
Vehumet
Wu Jian
Xom
Yredelemnul
Zin
The Shining One
Beogh

Shops:
Orc:2 }[*?

Annotations:
Snake:4 3 runed translucent doors, Kranky's ghost, adept DsFi; Pashroac's ghost, journeyman DDFi; Plog's ghost, adept HOFi; Xolirew's ghost, adept TeSu


Innate Abilities, Weirdness & Mutations

You reflexively headbutt those who attack you in melee.
You have a pair of horns on your head.
You are frail. (-10% HP)


Message History

You freeze the great orb of eyes.
You kill the great orb of eyes!
Okawaru accepts your kill.
You barely miss the ogre. You headbutt the ogre.
The ogre is moderately wounded.
You are no longer berserk.
You are exhausted.
You feel yourself slow down.
You feel better. You block the yaktaur's attack. x2
The deep elf archer blinks!
You feel better.
The fire giant gestures at you while chanting.
The bolt of fire hits you! You resist.
* * * LOW HITPOINT WARNING * * *
You block the yaktaur's attack. You block the fire giant's attack.
You feel better. You block the yaktaur's attack. The yaktaur hits you!
* * * LOW HITPOINT WARNING * * *
The fire giant casts a spell at you. The bolt of fire hits you!! You resist.
You die...

#..>....#
####'####
#.......#
#.......#
#.......#
#⌠.....⌠#
#.......#
#.......#
#.......#
####'####
#.......#
#...#
#.....(.#
#...#
######+##
##### #)@#
## #cC# #.
#.O# #.
#...e #.
....... #.
.........
#.
####....###
#. ##..##
#. #..# #.


You could see a fire giant, a deep elf archer, a yaktaur and an ogre.

Vanquished Creatures
  Saint Roka (Vaults:1)
  Rupert (Lair:5)
  2 acid blobs (Slime:1)
  A sphinx (D:14)
  Kirke (Snake:3)
  Donald (Snake:1)
  10 nagarajas
  2 azure jellies (Slime:1)
  The ghost of right the Fighter, a journeyman DrFE of Vehumet (Lair:6)
  Aizul (Snake:1)
  3 vault wardens (Vaults:1)
  2 ironheart preservers (Vaults:1)
  A very ugly thing (D:14)
  Nessos (D:14)
  Azrael (D:14)
  An ettin (D:15)
  Josephine (D:12)
  8 hydras
  3 great orbs of eyes
  8 ogre magi
  Fannar (D:12)
  2 yaktaur captains (Vaults:1)
  13 naga warriors
  A rakshasa (Vaults:1)
  6 vault guards (Vaults:1)
  3 centaur warriors
  6 anacondas
  2 dancing weapons (D:14)
  22 two-headed ogres
  A death knight (Vaults:1)
  An orc high priest (Orc:2)
  7 death yaks
  Urug (Lair:6)
  A deep troll earth mage (Vaults:1)
  12 naga sharpshooters
  The ghost of Lutefisk the Nimble, a novice OpTm of Nemelex Xobeh (D:9)
  7 shock serpents
  2 deep elf knights
  Nergalle (Lair:2)
  12 skeletal warriors
  4 deep trolls (Vaults:1)
  3 unseen horrors
  3 salamander mystics
  A glowing orange brain (Vaults:1)
  A flayed ghost (Vaults:1)
  4 naga ritualists
  6 orc knights
  2 wizards
  2 wolf spider zombies (D:14)
  4 oklob plants
  3 wolf spiders (Vaults:1)
  5 ironbrand convokers (Vaults:1)
  A necromancer (Vaults:1)
  4 deep elf magi
  10 mana vipers
  A shining eye (Slime:1)
  14 salamanders
  5 cyclopes
  12 ugly things
  3 orc sorcerers
  A manticore (D:15)
  Maurice (D:8)
  21 naga magi
  28 black mambas
  A vault sentinel (Vaults:1)
  12 spiny frogs
  2 guardian serpents
  2 gargoyles
  3 centaur zombies
  A torpor snail (Lair:3)
  A freezing wraith (D:14)
  2 rime drakes
  15 yaktaurs
  6 komodo dragons
  3 kobold demonologists (D:12)
  2 efreet (D:15)
  9 trolls
  A queen bee (D:14)
  6 meliai
  6 polar bears
  A polar bear (shapeshifter) (D:15)
  Grinder (D:6)
  17 slime creatures
  10 hippogriffs
  5 hornets
  A meliai zombie (D:15)
  2 bog bodies (Lair:4)
  A stone giant simulacrum (Vaults:1)
  23 blink frogs
  15 spriggans
  7 wraiths
  2 wyverns
  A vampire (D:9)
  5 fire elementals (D:14)
  5 hogs (Snake:3)
  4 fire bats (Volcano)
  3 golden eyes (Slime:1)
  56 yaks
  3 hungry ghosts
  A human simulacrum (Vaults:1)
  2 vampire mosquitoes (D:12)
  61 nagas
  2 acid dragons (Vaults:1)
  13 water moccasins
  7 wargs
  5 hell hounds
  8 porcupines
  37 orc warriors
  6 sky beasts
  7 black bears
  3 phantoms
  An eye of draining (Slime:1)
  2 ice beasts
  37 ogres
  33 wolves
  5 boggarts (Lair:6)
  The ghost of Zdeegee the Ruffian, an amateur DrTm (D:3)
  10 centaurs
  11 crocodiles
  3 big kobolds
  21 bullfrogs
  2 wyvern skeletons
  6 scorpions
  34 killer bees
  6 wights
  3 electric eels
  5 howler monkeys
  9 crimson imps
  A bullfrog zombie (D:5)
  11 hounds
  A wyvern simulacrum (D:8)
  6 centaur skeletons
  17 orc priests
  5 jellies
  9 orc wizards
  2 bullfrog skeletons
  4 iguanas
  Natasha (thrice) (D:4)
  10 worker ants
  A killer bee zombie (D:8)
  A hound zombie (D:6)
  2 hound skeletons
  8 mummies (Ossuary)
  2 howler monkey zombies
  A gnoll (Bailey)
  12 adders
  2 river rats
  6 shadow imps
  3 white imps (D:8)
  A worker ant simulacrum (D:8)
  2 adder zombies
  2 oozes
  3 adder skeletons
  A worm (D:2)
  4 dart slugs
  4 leopard geckos
  63 orcs
  3 ball pythons
  4 bats (D:1)
  4 giant cockroaches (D:3)
  3 gnoll zombies
  4 hobgoblins
  7 jackals
  27 kobolds
  2 quokkas
  3 frilled lizards
  12 goblins
  A hobgoblin zombie (Ossuary)
  4 kobold zombies (Ossuary)
  A leopard gecko zombie (D:7)
  3 orc zombies
  13 rats
  A plant (Lair:1)
1145 creatures vanquished.

Vanquished Creatures (others)
  3 cyclopes
  A black mamba (Snake:4)
  2 humans (Snake:3)
  A naga (Snake:4)
  An orc (Orc:2)
  7 kobolds (Bailey)
  5 fungi
  A plant (Lair:2)
21 creatures vanquished.

Grand Total: 1166 creatures vanquished

Notes
Turn   | Place    | Note
-------+----------+-------------------------------------------
     0 | D:1      | Hector360 the Minotaur Fighter began the quest for the Orb.
     0 | D:1      | Reached XP level 1. HP: 19/19 MP: 0/0
   178 | D:1      | Reached XP level 2. HP: 27/27 MP: 1/1
   242 | D:1      | Reached skill level 4 in Shields
   255 | D:1      | You fall into a shaft and drop 1 floor!
   264 | D:2      | Found a sparkling altar of Nemelex Xobeh.
   768 | D:2      | Reached XP level 3. HP: 33/33 MP: 2/2
  1069 | D:2      | Found a white marble altar of Elyvilon.
  1369 | D:3      | Found a runed translucent gate.
  1369 | D:3      | Found a runed translucent gate.
  1369 | D:3      | Found a runed translucent gate.
  1483 | D:3      | Reached XP level 4. HP: 36/40 MP: 3/3
  1549 | D:3      | Reached skill level 1 in Dodging
  1557 | D:3      | Found a glowing drain.
  1564 | Sewer    | Entered a sewer
  1724 | Sewer    | Noticed a big kobold
  1736 | Sewer    | Killed a big kobold
  1736 | Sewer    | Reached XP level 5. HP: 47/47 MP: 4/4
  1771 | Sewer    | Found a glowing silver altar of Zin.
  1863 | D:3      | Reached skill level 5 in Shields
  1945 | D:3      | Found an opulent altar of Gozag.
  1947 | D:3      | Noticed a centaur
  1947 | D:3      | Noticed Zdeegee's ghost (amateur DrTm)
  2103 | D:3      | Killed a centaur
  2103 | D:3      | Reached XP level 6. HP: 50/53 MP: 5/5
  2109 | D:3      | Killed Zdeegee's ghost
  2109 | D:3      | Reached skill level 5 in Long Blades
  2109 | D:3      | Reached skill level 5 in Armour
  2201 | D:4      | Noticed Natasha
  2206 | D:4      | Killed Natasha
  2243 | D:4      | Reached XP level 7. HP: 25/60 MP: 6/6
  2495 | D:4      | Noticed Natasha
  2502 | D:4      | Killed Natasha
  2580 | D:4      | Noticed Natasha
  2586 | D:4      | Killed Natasha
  2586 | D:4      | Reached skill level 6 in Shields
  2658 | D:4      | Found a shadowy altar of Dithmenos.
  2702 | D:5      | Entered Level 5 of the Dungeon
  2984 | D:5      | Found a shattered altar of Ashenzari.
  3000 | D:5      | Reached skill level 5 in Fighting
  3111 | D:5      | Reached XP level 8. HP: 65/68 MP: 7/7
  3768 | D:6      | Noticed Grinder
  3768 | D:6      | Paralysed by Grinder for 2 turns
  3776 | D:6      | Killed Grinder
  3796 | D:6      | Reached skill level 1 in Throwing
  3803 | D:6      | Reached skill level 7 in Shields
  4058 | D:6      | Found an ancient bone altar of Kikubaaqudgha.
  4461 | D:6      | Found a staircase to the Ecumenical Temple.
  4493 | Temple   | Entered the Ecumenical Temple
  4707 | Temple   | Became a worshipper of Warmaster Okawaru
  4943 | D:6      | Reached XP level 9. HP: 74/74 MP: 8/8
  4951 | D:6      | Found a basalt altar of Yredelemnul.
  5042 | D:7      | Reached skill level 8 in Shields
  5147 | D:7      | Reached skill level 1 in Stealth
  5212 | D:7      | Got a twisted robe
  5223 | D:7      | Identified the +2 robe "Ufuemp" {Str+4} (You found it on
                  | level 7 of the Dungeon)
  5632 | D:8      | Noticed a two-headed ogre
  5644 | D:8      | Killed a two-headed ogre
  5644 | D:8      | Reached * piety under Okawaru
  5644 | D:8      | Reached skill level 10 in Long Blades
  5644 | D:8      | Reached skill level 9 in Shields
  5669 | D:8      | Found a hazy altar of Hepliaklqana.
  5742 | D:8      | Noticed a polar bear
  5748 | D:8      | Killed a polar bear
  5779 | D:8      | Found a sand-covered staircase.
  5784 | Ossuary  | Entered an ossuary
  5828 | Ossuary  | Reached ** piety under Okawaru
  5828 | Ossuary  | Reached XP level 10. HP: 63/84 MP: 9/9
  6135 | D:8      | Noticed a death yak
  6159 | D:8      | Killed a death yak
  6640 | D:8      | Noticed a death yak
  6655 | D:8      | Killed a death yak
  6655 | D:8      | Reached *** piety under Okawaru
  6655 | D:8      | Reached skill level 10 in Shields
  6782 | D:8      | Noticed Maurice
  6820 | D:8      | Killed Maurice
  7368 | D:9      | Reached **** piety under Okawaru
  7446 | D:9      | Reached skill level 1 in Axes
  7458 | D:9      | HP: 4/90 [yak (3)]
  7462 | D:9      | Reached XP level 11. HP: 21/95 MP: 10/10
  7769 | D:9      | Found a runed translucent gate.
  7771 | D:9      | Found a runed translucent gate.
  7771 | D:9      | Found a runed translucent gate.
  7772 | D:9      | Noticed Lutefisk's ghost (novice OpTm)
  7863 | D:9      | Reached skill level 11 in Shields
  7875 | D:9      | Noticed a two-headed ogre
  7882 | D:9      | Killed a two-headed ogre
  7924 | D:9      | Found an opulent altar of Gozag.
  7990 | D:9      | Found a staircase to the Orcish Mines.
  8090 | D:9      | Reached ***** piety under Okawaru
  8090 | D:9      | Reached skill level 5 in Axes
  8257 | D:10     | Entered Level 10 of the Dungeon
  8667 | D:10     | Killed an unseen horror
  9370 | D:11     | Found a flagged portal.
  9394 | Bailey   | Entered a bailey
  9513 | Bailey   | Noticed an orc knight
  9522 | Bailey   | Killed an orc knight
  9942 | D:11     | Killed an unseen horror
  9945 | D:11     | Noticed a two-headed ogre
  9954 | D:11     | Killed a two-headed ogre
  9962 | D:11     | Received a gift from Okawaru
 10049 | D:11     | Reached skill level 12 in Shields
 10049 | D:11     | Reached XP level 12. HP: 103/105 MP: 11/11
 10402 | D:11     | Noticed a two-headed ogre
 10412 | D:11     | Killed a two-headed ogre
 10477 | D:11     | Reached skill level 10 in Fighting
 10477 | D:11     | Reached skill level 10 in Axes
 10558 | D:11     | Found a staircase to the Lair.
 10678 | D:11     | Received a gift from Okawaru
 10692 | D:11     | Identified a +1 pair of boots of running (Okawaru gifted it
                  | to you on level 11 of the Dungeon)
 10756 | D:12     | Reached ****** piety under Okawaru
 10877 | D:12     | Noticed Josephine
 10885 | D:12     | Killed Josephine
 11085 | D:12     | Noticed Fannar
 11097 | D:12     | Killed Fannar
 11097 | D:12     | Reached skill level 13 in Shields
 11268 | D:12     | Reached skill level 10 in Armour
 11467 | D:12     | Reached XP level 13. HP: 97/115 MP: 10/12
 11732 | D:13     | Received a gift from Okawaru
 11747 | D:13     | Got translucent acid dragon scales {god gift}
 11759 | D:13     | Identified the +6 acid dragon scales "Gidwut" {rN+ rCorr
                  | Dex+3 SInv} (Okawaru gifted it to you on level 13 of the
                  | Dungeon)
 11910 | D:13     | Reached skill level 1 in Invocations
 12211 | D:14     | Found a gate to the Vaults.
 12223 | D:14     | Noticed Azrael
 12232 | D:14     | Reached skill level 5 in Dodging
 12257 | D:14     | Killed Azrael
 12580 | D:14     | Reached skill level 14 in Shields
 13076 | D:14     | Noticed a green very ugly thing
 13088 | D:14     | Killed a green very ugly thing
 13088 | D:14     | Received a gift from Okawaru
 13326 | D:14     | Received a gift from Okawaru
 13351 | D:14     | Noticed Nessos
 13376 | D:14     | Killed Nessos
 13803 | D:14     | Reached XP level 14. HP: 125/125 MP: 14/14
 14216 | D:15     | Entered Level 15 of the Dungeon
 14265 | D:15     | Received a gift from Okawaru
 14474 | D:15     | Reached skill level 15 in Axes
 14622 | D:15     | Reached skill level 15 in Shields
 14629 | D:15     | Found a staircase to the Depths.
 15212 | D:14     | Noticed a sphinx
 15223 | D:14     | Killed a sphinx
 15426 | Lair:1   | Entered Level 1 of the Lair of Beasts
 15430 | Lair:1   | Received a gift from Okawaru
 15452 | Lair:1   | Got a warped demon blade {god gift}
 15456 | Lair:1   | Identified the +6 demon blade of Okawaru's Hope {freeze,
                  | Dex+2} (Okawaru gifted it to you on level 1 of the Lair of
                  | Beasts)
 15668 | Lair:1   | You fall into a shaft and drop 1 floor!
 16129 | Lair:2   | Noticed Nergalle
 16138 | Lair:2   | Killed Nergalle
 16138 | Lair:2   | Received a gift from Okawaru
 16787 | Lair:3   | Reached XP level 15. HP: 122/134 MP: 13/15
 17016 | Lair:3   | Received a gift from Okawaru
 17396 | Lair:3   | Found a staircase to the Snake Pit.
 17868 | Lair:4   | Found a staircase to the Swamp.
 17890 | Lair:4   | Reached skill level 5 in Stealth
 17896 | Lair:4   | Reached skill level 16 in Shields
 18457 | Lair:4   | You fall into a shaft and drop 2 floors!
 18457 | Lair:6   | Entered Level 6 of the Lair of Beasts
 18480 | Lair:6   | Noticed Urug
 18514 | Lair:6   | Received a gift from Okawaru
 19129 | Lair:6   | Killed Urug
 19417 | Lair:6   | Found a large runed translucent door.
 19417 | Lair:6   | Found a large runed translucent door.
 19418 | Lair:6   | Noticed right's ghost (journeyman DrFE)
 19479 | Lair:6   | Killed right's ghost
 19479 | Lair:6   | Received a gift from Okawaru
 19487 | Lair:6   | Identified the Catalogue of Mutagenic Boosts
 19822 | Lair:5   | Found a dark tunnel.
 19831 | Volcano  | Entered a volcano
 20035 | Lair:5   | Noticed Rupert
 20039 | Lair:5   | Paralysed by Rupert for 2 turns
 20057 | Lair:5   | Killed Rupert
 20210 | Lair:5   | Reached skill level 17 in Shields
 20269 | Lair:5   | Found a staircase to the Slime Pits.
 21310 | Slime:1  | Entered Level 1 of the Pits of Slime
 21343 | Slime:1  | Noticed an azure jelly
 21355 | Slime:1  | Killed an azure jelly
 21361 | Slime:1  | Noticed an azure jelly
 21368 | Slime:1  | Killed an azure jelly
 21368 | Slime:1  | Reached XP level 16. HP: 144/144 MP: 14/16
 21399 | Slime:1  | Gained mutation: You are frail. (-10% HP) [a shining eye]
 21616 | Slime:1  | Noticed an acid blob
 21626 | Slime:1  | Killed an acid blob
 21626 | Slime:1  | Received a gift from Okawaru
 21760 | Slime:1  | Noticed an acid blob
 21769 | Slime:1  | Killed an acid blob
 22271 | Orc:1    | Entered Level 1 of the Orcish Mines
 22406 | Orc:1    | Found a roughly hewn altar of Beogh.
 22633 | Orc:2    | Entered Level 2 of the Orcish Mines
 22973 | Orc:2    | Found a staircase to the Elven Halls.
 23281 | Orc:2    | Received a gift from Okawaru
 23561 | Orc:2    | Found Pecw's General Store.
 23561 | Orc:2    | Found Jodil's Gadget Boutique.
 23562 | Orc:2    | Found Plog's Magic Scroll Shop.
 23562 | Orc:2    | Found Wump's Armour Emporium.
 23693 | Orc:2    | Found a roughly hewn altar of Beogh.
 23800 | Orc:2    | Bought a scarf of resistance for 448 gold pieces
 23819 | Orc:2    | Bought the amulet of Wisau {Faith rC+ rN++} for 838 gold
                  | pieces
 23952 | D:9      | Killed Lutefisk's ghost
 24183 | Snake:1  | Entered Level 1 of the Snake Pit
 24197 | Snake:1  | Reached skill level 18 in Shields
 24289 | Snake:1  | Noticed Aizul
 24303 | Snake:1  | Killed Aizul
 24562 | Snake:1  | Noticed Donald
 24580 | Snake:1  | Killed Donald
 24639 | Snake:1  | Reached skill level 15 in Long Blades
 25703 | Snake:2  | Received a gift from Okawaru
 26692 | Snake:2  | Reached XP level 17. HP: 116/138 MP: 18/18
 26812 | Snake:2  | Identified the +4 morningstar "Kyfyabb" {pain, rF++} (You
                  | found it on level 2 of the Snake Pit)
 27085 | Snake:3  | Received a gift from Okawaru
 27094 | Snake:3  | Identified the +1 scale mail of Doeq {rF+ Str+4 Dex+4}
                  | (Okawaru gifted it to you on level 3 of the Snake Pit)
 27987 | Snake:3  | Reached skill level 19 in Shields
 28449 | Snake:3  | Noticed Kirke
 28474 | Snake:3  | Killed Kirke
 28792 | Snake:3  | Identified the cursed +0 flail of Ash {protect, +Rage rN+
                  | MR+ MP+9} (You found it on level 3 of the Snake Pit)
 28814 | Snake:3  | Reached skill level 15 in Fighting
 29167 | Snake:4  | Entered Level 4 of the Snake Pit
 29545 | Snake:4  | Received a gift from Okawaru
 29866 | Snake:4  | Found a runed translucent gate.
 29866 | Snake:4  | Found a runed translucent gate.
 30181 | Snake:4  | Found a runed translucent gate.
 30182 | Snake:4  | Noticed Kranky's ghost (adept DsFi)
 30182 | Snake:4  | Noticed Pashroac's ghost (journeyman DDFi)
 30182 | Snake:4  | Noticed Plog's ghost (adept HOFi)
 30202 | Snake:4  | Noticed Pashroac's ghost (journeyman DDFi)
 30202 | Snake:4  | Noticed Xolirew's ghost (adept TeSu)
 32236 | Snake:4  | Reached skill level 20 in Shields
 32303 | Snake:4  | Reached XP level 18. HP: 114/149 MP: 19/19
 32408 | Snake:4  | Got a serpentine rune of Zot
 32789 | Vaults:1 | Entered Level 1 of the Vaults
 32816 | Vaults:1 | Received a gift from Okawaru
 32819 | Vaults:1 | Got a fine hat {god gift}
 32826 | Vaults:1 | Identified the +0 hat of the Tick {rF+ Int+2} (Okawaru
                  | gifted it to you on level 1 of the Vaults)
 33245 | Vaults:1 | Noticed Saint Roka
 33276 | Vaults:1 | Killed Saint Roka
 34093 | Vaults:1 | Received a gift from Okawaru
 34171 | Vaults:1 | Reached skill level 21 in Shields
 34283 | Vaults:1 | Killed from afar by a fire giant

Levels and vault maps discovered:
D:1:      dpeg_arrival_boxes_within_box, layout_loops_ring
D:2:      layout_loops_cross, nemelex_xobeh_ov_fountains_minmay,
          elyvilon_altar_1
D:3:      layout_rooms, ebering_ghost_gozag, first_ration, portal_sewer_entry_e
D:4:      layout_basic, lemuel_round_altar, uniq_natasha
D:5:      layout_layer_cave, cheibrodos_ashenzari_chains
D:6:      layout_basic, lemuel_zombie_altar_yredelemnul, lemuel_round_altar,
          minmay_temple_entry_offerings, uniq_grinder
D:7:      layout_basic, nicolae_overflow_hidden_temple
D:8:      layout_loops_cross, lemuel_round_altar, serial_ice, serial_ice_c,
          serial_ice_h, serial_ice_g, serial_ice_f,
          nicolae_ossuary_entry_monument, the_bakery, uniq_maurice
D:9:      layout_long_grid, lemuel_doored_altar, orc_0_dummy,
          ebering_ghost_rock_garden, grunt_ministairs_5
D:10:     layout_grid_maze, palyth_stone_intersect
D:11:     layout_stronghold, lair_entry_dummy, enter_bailey_3,
          small_statue_alley_a
D:12:     layout_grid_maze, uniq_josephine, uniq_fannar
D:13:     wander_river, layout_irregular_city
D:14:     kennysheep_funnel, layout_loops_corners, erik_vaults_1,
          hangedman_decor_slide_cut, grunt_ministairs_15, minivault_7,
          uniq_nessos, uniq_azrael
D:15:     hangedman_depths_entry_civil_slaughter, layout_basic,
          hangedman_abyss_or_decor_stagger
Temple:   oiseaux_autumnal_temple
Lair:1:   layout_cave_shapes, chequers_serial_rivers_micro_d,
          infiniplex_staircase_pool, grunt_megastairs_2,
          minmay_lair_oklob_chamber
Lair:2:   layout_misc_corridors, uniq_nergalle
Lair:3:   layout_regular_city, minmay_snake_entry_guardpost_medium
Lair:4:   layout_layer_cave, skrybe_swamp_entry_bodies
Lair:5:   layout_cave_pods, minmay_slime_entry_oklob_enclosed, serial_bayou,
          serial_bayou_ford_a, serial_bayou_pond_c, serial_bayou_shore_b,
          serial_bayou_lake_a, enter_volcano_3, uniq_rupert
Lair:6:   minmay_lair_end_enchanted_forest, layout_regular_city,
          ebering_ghost_disaster_area, uniq_urug
Snake:1:  layout_cave_shapes, grunt_megastairs_4, serial_bayou_shore_b,
          uniq_aizul, uniq_donald
Snake:2:  layout_layer_cave
Snake:3:  layout_grid_maze, special_room, nicolae_snake_shapes, uniq_kirke
Snake:4:  minmay_snake_end_coiled, layout_basic, gammafunk_ghost_cemetery
Slime:1:  layout_caves
Orc:1:    layout_caves, mines2_david
Orc:2:    st_orc_ogre_mass, layout_caves, mines2_david
Vaults:1: v_misc_10, grunt_vaults_twisty, nicolae_vaults_stairing_the_circle,
          hangedman_vaults_pinch, nicolae_vaults_circle_grid_a, v_misc_13,
          vaults_room_grunt_arrival_checkpoint,
          nicolae_vaults_ring_of_whatevers, vaults_room_boxed,
          nicolae_vaults_c_with_doors, vaults_dpeg_cross,
          layout_vaults_maze_bifur, uniq_saint_roka

Skill      XL: |  1  2  3  4  5  6  7  8  9 10 11 12 13 14 15 16 17 18 |
---------------+-------------------------------------------------------+-----
Armour         | 4 5 6 7 8 9 10 12 13 14 | 14.0
Shields        | 4 5 6 7 9 10 12 13 14 15 17 18 20 21 | 21.1
Long Blades    | 3 4 5 7 8 10 11 12 14 15 16 17 | 17.1
Fighting       | 4 5 6 8 9 10 11 12 13 14 15 16 | 16.7
Dodging        | 1 2 3 4 5 7 8 |  8.7
Throwing       | 1 2 |  2.9
Stealth        | 1 2 3 4 5 |  5.7
Axes           | 3 8 12 14 16 | 16.0
Invocations    | 1 2 3 |  3.9

Action                   |  1- 3 |  4- 6 |  7- 9 | 10-12 | 13-15 | 16-18 || total
-------------------------+-------+-------+-------+-------+-------+-------++-------
Melee: Long sword        |    90 |    77 |   300 |   144 |       |       ||   611
       Headbutt          |    17 |    18 |    63 |   135 |   315 |   457 ||  1005
       Broad axe         |       |       |       |   449 |   414 |       ||   863
       Executioner's axe |       |       |       |       |     3 |       ||     3
       Demon blade       |       |       |       |       |   617 |  1408 ||  2025
Throw: Boomerang         |       |       |    20 |     3 |     8 |     3 ||    34
Invok: Heroism           |       |       |       |     7 |    21 |    35 ||    63
  Use: Scroll            |     7 |       |    10 |    16 |    11 |     8 ||    52
       Potion            |       |     1 |     3 |     5 |    12 |    14 ||    35
 Stab: Sleeping          |       |       |       |       |    17 |     1 ||    18
  Eat: Ration            |     1 |     1 |     3 |     7 |     9 |    12 ||    33
Armor: Scale mail        |    38 |    29 |    73 |    15 |       |       ||   155
       Plate armour      |       |       |       |   237 |     9 |       ||   246
       Acid dragon scale |       |       |       |       |   164 |     4 ||   168
       Crystal plate arm |       |       |       |       |    25 |   259 ||   284
Dodge: Dodged            |    26 |    12 |    74 |   124 |   349 |   255 ||   840
Block: Shield            |    55 |    38 |   190 |   630 |   882 |   499 ||  2294
       Reflection        |       |       |     1 |    49 |     6 |    37 ||    93
       Large shield      |       |       |       |       |       |   580 ||   580
       Rpst.: Long sword |    11 |     8 |    20 |     5 |       |       ||    44
       Demon blade       |       |       |       |       |    47 |    49 ||    96
